 Dungeon Sprint DCSS version 0.31-a0-881-ge136f0c47a (webtiles) character file.

Game seed: 13644076246506848625

314888 rocky1 the Swordmaster (level 19, -14/207 HPs)
             Began as a Demonspawn Berserker on Oct 16, 2023.
             Was an Initiate of Gozag.
             Killed from afar by a Killer Klown (18 damage)
             ... with a klown pie
             ... in the Dungeon (Sprint IX: "|||||||||||||||||||||||||||||").
             The game lasted 00:45:45 (10831 turns).

rocky1 the Swordmaster (Demonspawn Berserker)      Turns: 10831, Time: 00:45:47

Health: -14/207    AC: 30    Str: 19    XL:     19   Next: 11%
Magic:  0/13       EV: 22    Int: 13    God:    Gozag
Gold:   5752       SH:  5    Dex: 18    Spells: 52/52 levels left

rFire   + . .        b - +7 great sword (antimagic)
rCold   + + .        (shield currently unavailable)
rNeg    . . .        I - +0 storm dragon scales
rPois   +            G - +2 hat of the Bear Spirit {Spirit, Bear, *Rage Will++}
rElec   +            e - +2 cloak {rPois}
rCorr   +            (gloves unavailable)
SInv    +            E - +2 pair of boots {rampage}
Will    +++..        i - amulet of the Dolphin {Reflect Int+3 Slay+2 SH+5 SInv}
Stlth   +            B - ring "Zueruniff" {rC+ Slay+3}
HPRegen 3.54/turn    A - ring of protection from fire
MPRegen 0.13/turn

%: no teleportation, random rage (20%), reflection, guardian spirit, rampage
@: mighty, brilliant, resistant, fire vulnerable, on berserk cooldown, hasted,
invisible, unable to drink, very quick
A: claws 3, slimy green scales 2, powered by death 3, powered by pain 2, robust
1, deformed body
}: 5/17 runes: decaying, serpentine, barnacled, silver, gossamer
a: Renounce Religion, Potion Petition, Call Merchant, Bribe Branch


You were in the Dungeon.
You worshipped Gozag.
Gozag was greatly pleased with you.
You visited 1 branch You collected 35481 gold pieces.
You spent 9656 gold pieces at shops.
You paid 20073 gold pieces to Gozag.

Inventory:

Hand Weapons
 b - a +7 antimagic great sword (weapon)
 k - the +2 scimitar "Beetlebane" {flame, rCorr Str+2}
   (You found it in the Dungeon)

   Str+2:     It affects your strength (+2).
   rCorr:     It protects you from acid and corrosion.
 l - a +3 triple sword of flaming
 m - the +8 great sword "Simayr" {freeze, Fragile Str+5}
   (You bought it in a shop in the Dungeon)

   Str+5:     It affects your strength (+5).
   Fragile:   It will be destroyed if unequipped.
 w - a +0 heavy great sword
 U - the +5 triple sword of Rutwab {venom, Stlth+}
   (You found it in the Dungeon)

   Stlth+:    It makes you more stealthy.
Missiles
 a - 2 curare-tipped darts
 z - 8 boomerangs
Armour
 e - a +2 cloak of poison resistance (worn)
 E - a +2 pair of boots of rampaging (worn)
 G - the +2 hat of the Bear Spirit (worn) {Spirit, Bear, *Rage Will++}
   (You found it in the Dungeon)

   Bear:      Going berserk makes the wearer exceptionally tough, and they are
   slowed for a shorter time afterward.
   Will++:    It greatly increases your willpower.
   *Rage:     It berserks you when you make melee attacks (+20% chance).
 I - +0 storm dragon scales (worn)
 R - the +3 plate armour "Xonluosse" {+Inv rF+}
   (You bought it in a shop in the Dungeon)

   rF+:       It protects you from fire.
   +Inv:      It lets you turn invisible.
 V - a +0 helmet of intelligence
 W - the +1 scale mail of Xicanav {rElec}
   (You bought it in a shop in the Dungeon)

   rElec:     It insulates you from electricity.
Jewellery
 i - the amulet of the Dolphin (around neck) {Reflect Int+3 Slay+2 SH+5 SInv}
   (You bought it in a shop in the Dungeon)

   [amulet of reflection]

   Reflect:   It reflects blocked missile attacks.
   Int+3:     It affects your intelligence (+3).
   Slay+2:    It affects your accuracy & damage with ranged weapons and melee
   (+2).
   SInv:      It lets you see invisible.
   SH+5:      It affects your SH (+5).
 u - a +4 ring of protection
 v - a ring of ice
 A - a ring of protection from fire (right claw)
 B - the ring "Zueruniff" (left claw) {rC+ Slay+3}
   (You bought it in a shop in the Dungeon)

   [ring of protection from cold]

   Slay+3:    It affects your accuracy & damage with ranged weapons and melee
   (+3).
   rC+:       It protects you from cold.
 J - the ring of Memoj {rF++ EV+3 Int+4}
   (You found it in the Dungeon)

   [ring of evasion]

   EV+3:      It affects your evasion (+3).
   Int+4:     It affects your intelligence (+4).
   rF++:      It greatly protects you from fire.
 N - the ring of Jataqa {rF+ Will+ SInv}
   (You found it in the Dungeon)

   [ring of see invisible]

   rF+:       It protects you from fire.
   Will+:     It increases your willpower.
   SInv:      It lets you see invisible.
 O - the ring "Hidieliu" {rCorr SInv}
   (You found it in the Dungeon)

   [ring of resist corrosion]

   SInv:      It lets you see invisible.
   rCorr:     It protects you from acid and corrosion.
 S - the ring of the Tormentor {rC+ AC+3}
   (You found it in the Dungeon)

   [ring of protection]

   AC+3:      It affects your AC (+3).
   rC+:       It protects you from cold.
 T - the ring of Kenezubru {Fire rElec Int+4 Dex+3}
   (You found it in the Dungeon)

   [ring of fire]

   Fire:      It enhances your fire magic.
   Int+4:     It affects your intelligence (+4).
   Dex+3:     It affects your dexterity (+3).
   rF+:       It protects you from fire.
   rC-:       It makes you vulnerable to cold.
   rElec:     It insulates you from electricity.
 X - the ring of Askejae {rN++ Int-3 Dex+6 Stlth+}
   (You bought it in a shop in the Dungeon)

   [ring of dexterity]

   Int-3:     It affects your intelligence (-3).
   Dex+6:     It affects your dexterity (+6).
   rN++:      It greatly protects you from negative energy.
   Stlth+:    It makes you more stealthy.
Scrolls
 h - 6 scrolls of blinking
 o - a scroll of poison
 q - a scroll of immolation
 r - 9 scrolls of fear
 s - 10 scrolls of enchant armour
 t - 5 scrolls of identify
 y - 4 scrolls of fog
 C - 2 scrolls of amnesia
 M - 3 scrolls of enchant weapon
 P - 3 scrolls of revelation
Potions
 c - 13 potions of curing
 d - 13 potions of heal wounds
 f - 11 potions of magic
 g - 3 potions of berserk rage
 n - 7 potions of haste
 p - 9 potions of mutation
 x - 3 potions of resistance
 D - 4 potions of brilliance
 H - a potion of cancellation
 K - 2 potions of enlightenment
 L - 4 potions of might
 Q - a potion of invisibility
Miscellaneous
 j - a phantom mirror
 F - a tin of tremorstones (2/2)


   Skills:
 O Level 27 Fighting
 O Level 27 Long Blades
 O Level 27 Armour
 O Level 27 Dodging
 - Level 7.9 Stealth
 - Level 0.1 Shields
 + Level 17.1 Spellcasting
 O Level 27 Evocations


You had 52 spell levels left.
You didn't know any spells.
Your spell library contained the following spells:

 Spells                   Type           Power      Damage    Failure   Level
 Sticky Flame             Conj/Fire      16%        2d4       83%         4
 Iskenderun's Battlesphe  Conj           16%        2d7       99%         5
 Spellforged Servitor     Conj/Summ      8%         N/A       100%        7


Dungeon Overview and Level Annotations

Branches:
Dungeon (1/1)

Altars:
Cheibriados
Dithmenos
Fedhas
Gozag
Hepliaklqana
Kikubaaqudgha
Makhleb
Nemelex Xobeh
Okawaru
Qazlal
Ru
Sif Muna
Trog
Uskayaw
Vehumet
Wu Jian
Xom
Yredelemnul
Jiyva
Lugonu

Shops:
D (*[(?(*=!*==?*


Innate Abilities, Weirdness & Mutations

You have claws for hands.
You are mostly covered in slimy green scales. (AC +3)
You regenerate a lot of health from kills.
You sometimes gain power by taking damage.
You are robust. (+10% HP)
Armour fits poorly on your strangely shaped body.


Message History

You carve the electric golem like a ham!!!
You destroy the electric golem!
The Killer Klown is distracted by your dazzling golden aura.
You have mastered Evocations!
You need to enable at least one skill for training.
Your Spellcasting skill increases to level 17!
You rampage towards the Killer Klown!
The Killer Klown's magic is no longer disrupted.
You see here 99 gold pieces.
You rampage towards the Killer Klown!
You miss the Killer Klown.
The Killer Klown is no longer distracted by gold.
The Killer Klown is lightly wounded.
You miss the Killer Klown.
The Killer Klown is lightly wounded.
The Killer Klown sucker-punches you with a +10 spectral club!!
* * * LOW HITPOINT WARNING * * *
You focus on the pain.
You feel mightier all of a sudden.
You slice the Killer Klown!!
The Killer Klown's magic leaks into the air.
The Killer Klown is moderately wounded.
The Killer Klown flogs you with a +10 spectral club!
* * * LOW HITPOINT WARNING * * *
You closely miss the Killer Klown.
The Killer Klown is moderately wounded.
You slice the Killer Klown!!
The Killer Klown's magic leaks into the air.
The Killer Klown is heavily wounded.
The Killer Klown pounds you with a +10 spectral club!
* * * LOW HITPOINT WARNING * * *
You cannot drink potions in your current state!
Blink to where?
Press: ? - help, Dir - move target
As you read the scroll of blinking, it crumbles to dust.
The Killer Klown pies you viciously! The klown pie hits you!!
Lemon!
You feel your inability to drink will last longer.
You die...
Your body crumbles into a pile of gold.

,,,,+,,,,,,,,,+,,,,,,,,,,+,,,,,,,
*********************************
,,,,,,,,,,,,,,,,,,,,,,,,,,,,,,,,,
*********************************
,+,,,,,,,,,,,,,,+,,,,,,,,,,,+,,,,
*********************************
,,,,,,,,,,,,,,,,,,,,,,,,,,,,,,,,,
▓▓▓▓▓▓▓▓▓▓▓▓▓▓▓▓▓▓▓▓▓▓▓▓▓▓▓▓▓▓▓▓▓
....$$$$$§p.'.'.@......'.........
▓▓▓▓▓▓▓▓▓▓▓▓▓▓▓▓▓▓▓▓▓▓▓▓▓▓▓▓▓▓▓▓▓
.................................
▓▓▓▓▓▓▓▓▓▓▓▓▓▓▓▓▓▓▓▓▓▓▓▓▓▓▓▓▓▓▓▓▓
'..[∩)∩.)'..[.)))'......)).)..)..
▓▓▓▓▓▓▓▓▓▓▓▓▓▓▓▓▓▓▓▓▓▓▓▓▓▓▓▓▓▓▓▓▓
...........)))))).)...........)..
▓▓▓▓▓▓▓▓▓▓▓▓▓▓▓▓▓▓▓▓▓▓▓▓▓▓▓▓▓▓▓▓▓
.......[[[[.[[...)).)))).........


You could see a Killer Klown (magic disrupted).

Vanquished Creatures
  2 ancient liches (D)
  5 orbs of fire (D)
  Mennas (D)
  Mara (D)
  Sojobo (D)
  Margery (D)
  Xtahua (D)
  A Killer Klown (D)
  A caustic shrike (D)
  Nikola (D)
  4 golden dragons (D)
  Jory (D)
  2 electric golems (D)
  3 tentacled monstrosities (D)
  15 Orb Guardians (D)
  2 liches (D)
  A titan (D)
  A quicksilver dragon (D)
  2 death cobs (D)
  Kirke (D)
  Donald (D)
  6 shadow dragons (D)
  2 tengu reavers (D)
  4 storm dragons (D)
  Agnes (D)
  5 nagarajas (D)
  A fire giant (D)
  2 draconian monks (D)
  A fenstrider witch (D)
  Aizul (D)
  Ilsuiw (D)
  4 frost giants (D)
  3 vault wardens (D)
  3 draconian knights (D)
  5 emperor scorpions (D)
  6 ghost moths (D)
  2 draconian scorchers (D)
  7 ironbound preservers (D)
  2 draconian annihilators (D)
  A war gargoyle (D)
  An ironbound thunderhulk (D)
  2 very ugly things (D)
  4 stone giants (D)
  2 green draconians (D)
  2 black draconians (D)
  Azrael (D)
  3 purple draconians (D)
  2 dire elephants (D)
  A red draconian (D)
  5 white draconians (D)
  2 merfolk javelineers (D)
  4 merfolk impalers (D)
  A deep elf high priest (D)
  3 ettins (D)
  5 fire dragons (D)
  A great orb of eyes (D)
  25 vault guards (D)
  4 yaktaur captains (D)
  7 hydras (D)
  7 ice dragons (D)
  A rakshasa (D)
  An ironbound frostheart (D)
  2 spriggan air magi (D)
  A boulder beetle (D)
  An alligator (D)
  6 merfolk aquamancers (D)
  Erica (D)
  2 deep troll shamans (D)
  2 centaur warriors (D)
  2 catoblepae (D)
  5 two-headed ogres (D)
  2 deep troll earth magi (D)
  3 tengu warriors (D)
  5 naga warriors (D)
  2 demonic crawlers (D)
  3 shock serpents (D)
  5 hell knights (D)
  Sonja (D)
  A skyshark (shapeshifter) (D)
  A sun moth (D)
  A spriggan druid (D)
  2 orb spiders (D)
  A glowing orange brain (D)
  A wizard (D)
  3 deep trolls (D)
  A flayed ghost (D)
  A naga ritualist (D)
  5 ironbound convokers (D)
  2 lindwurms (D)
  6 swamp dragons (D)
  9 orc knights (D)
  2 necromancers (D)
  2 ugly things (D)
  4 manticores (D)
  A phantasmal warrior (D)
  6 cyclopes (D)
  A wolf spider (D)
  A black mamba (D)
  2 guardian serpents (D)
  3 naga magi (D)
  9 moths of wrath (D)
  Joseph (D)
  2 vault sentinels (D)
  A torpor snail (D)
  5 cane toads (D)
  A komodo dragon (D)
  Psyche (D)
  A tengu conjurer (D)
  3 trolls (D)
  A tyrant leech (D)
  2 merfolk (D)
  14 polar bears (D)
  A wind drake (D)
  A hornet (D)
  A blink frog (D)
  A dream sheep (shapeshifter) (D)
  A jumping spider (shapeshifter) (D)
  A slime creature (D)
  A shadow (D)
  A spriggan (D)
  A culicivora (D)
  A wyvern (D)
  A hog (D)
  Grum (D)
  A water elemental (D)
  3 yaks (D)
  A basilisk (D)
  5 fire elementals (D)
  3 redbacks (D)
  A vampire mosquito (D)
  2 nagas (D)
  A water moccasin (D)
  A hell hound (D)
  17 orc warriors (D)
  9 black bears (D)
  4 wolves (D)
  A boggart (D)
  6 ogres (D)
  2 centaurs (D)
  2 bullfrogs (D)
  2 killer bees (D)
  3 orc priests (D)
  A sleepcap (D)
  5 orc wizards (D)
  An iguana (D)
  6 orcs (D)
  A giant cockroach (D)
  A jackal (D)
  A quokka (D)
  A frilled lizard (D)
  A goblin (D)
  A rat (D)
424 creatures vanquished.

Vanquished Creatures (collateral kills)
  An ugly thing (D)
  A vampire mosquito (D)
2 creatures vanquished.

Vanquished Creatures (others)
  A fire dragon (D)
  2 merfolk aquamancers (D)
  2 bloated husks (D)
  3 humans (D)
8 creatures vanquished.

Grand Total: 434 creatures vanquished

Notes
Turn   | Place    | Note
-------+----------+-------------------------------------------
     0 | D        | rocky1 the Demonspawn Berserker began the quest for the
                  | Orb.
     0 | D        | Reached XP level 1. HP: 18/18 MP: 1/1
    13 | D        | Reached ** piety under Trog
    67 | D        | Noticed an iguana
    67 | D        | Noticed an ogre
    67 | D        | Noticed a sleepcap
    75 | D        | Killed a sleepcap
    76 | D        | Gained mutation: You regenerate a little health from kills.
                  | [demonic ancestry]
    76 | D        | Reached XP level 2. HP: 26/26 MP: 2/2
    76 | D        | Gained mutation: You are partially covered in slimy green
                  | scales. (AC +2) [demonic ancestry]
    76 | D        | Reached XP level 3. HP: 31/31 MP: 3/3
    76 | D        | Reached *** piety under Trog
    80 | D        | Killed an ogre
    81 | D        | Gained mutation: You have sharp fingernails. [demonic
                  | ancestry]
    81 | D        | Reached XP level 4. HP: 40/40 MP: 4/4
   122 | D        | Found a snail-covered altar of Cheibriados.
   122 | D        | Found a shadowy altar of Dithmenos.
   122 | D        | Found a blossoming altar of Fedhas.
   122 | D        | Found an opulent altar of Gozag.
   123 | D        | Found a hazy altar of Hepliaklqana.
   124 | D        | Found a viscous altar of Jiyva.
   125 | D        | Found an ancient bone altar of Kikubaaqudgha.
   126 | D        | Found a corrupted altar of Lugonu.
   127 | D        | Found a burning altar of Makhleb.
   128 | D        | Found a sparkling altar of Nemelex Xobeh.
   129 | D        | Found an iron altar of Okawaru.
   130 | D        | Found a stormy altar of Qazlal.
   131 | D        | Found a sacrificial altar of Ru.
   132 | D        | Found a shimmering blue altar of Sif Muna.
   133 | D        | Found a bloodstained altar of Trog.
   134 | D        | Found a hide-covered altar of Uskayaw.
   135 | D        | Found a radiant altar of Vehumet.
   136 | D        | Found an ornate altar of the Wu Jian Council.
   137 | D        | Found a shimmering altar of Xom.
   138 | D        | Found a basalt altar of Yredelemnul.
   156 | D        | Got the +2 scimitar "Beetlebane" {flame, rCorr Str+2}
   187 | D        | Noticed a centaur
   187 | D        | Noticed a two-headed ogre
   187 | D        | Noticed a shadow
   187 | D        | Noticed a centaur
   192 | D        | Reached XP level 5. HP: 48/48 MP: 5/5
   196 | D        | Killed a two-headed ogre
   196 | D        | Reached **** piety under Trog
   197 | D        | Reached skill level 5 in Dodging
   197 | D        | Gained mutation: You regenerate health from kills. [demonic
                  | ancestry]
   197 | D        | Reached XP level 6. HP: 60/60 MP: 6/6
   197 | D        | Reached XP level 7. HP: 65/65 MP: 7/7
   201 | D        | Reached skill level 10 in Fighting
   204 | D        | Killed a shadow
   206 | D        | Gained mutation: You have very sharp fingernails. [demonic
                  | ancestry]
   206 | D        | Reached XP level 8. HP: 71/73 MP: 8/8
   210 | D        | Reached ***** piety under Trog
   342 | D        | Noticed a cyclops
   342 | D        | Noticed a tengu warrior
   342 | D        | Noticed a cyclops
   342 | D        | Noticed a jumping spider
   342 | D        | Noticed a red ugly thing
   347 | D        | Killed a red ugly thing
   348 | D        | Reached skill level 5 in Armour
   355 | D        | Killed a cyclops
   356 | D        | Reached XP level 9. HP: 82/82 MP: 9/9
   367 | D        | Killed a tengu warrior
   373 | D        | Killed a cyclops
   550 | D        | Noticed a cane toad
   550 | D        | Noticed a cane toad
   550 | D        | Noticed a cane toad
   554 | D        | Reached skill level 15 in Long Blades
   558 | D        | Killed a cane toad
   564 | D        | Killed a cane toad
   568 | D        | Killed a cane toad
   568 | D        | Noticed a komodo dragon
   569 | D        | Gained mutation: You have claws for hands. [demonic
                  | ancestry]
   569 | D        | Reached XP level 10. HP: 48/92 MP: 10/10
   591 | D        | Reached ****** piety under Trog
   622 | D        | Noticed a cane toad
   622 | D        | Noticed a cane toad
   622 | D        | Noticed a catoblepas
   623 | D        | Noticed a catoblepas
   626 | D        | Killed a catoblepas
   626 | D        | Received a gift from Trog
   632 | D        | Killed a cane toad
   636 | D        | Killed a cane toad
   755 | D        | Killed a catoblepas
   788 | D        | Received a gift from Trog
   954 | D        | Gained mutation: You sometimes gain a little power by
                  | taking damage. [demonic ancestry]
   954 | D        | Reached XP level 11. HP: 91/101 MP: 11/11
   977 | D        | Reached skill level 1 in Stealth
  1037 | D        | Noticed Sonja
  1073 | D        | Killed Sonja
  1074 | D        | Reached skill level 15 in Fighting
  1074 | D        | Reached skill level 10 in Armour
  1185 | D        | Noticed Erica
  1196 | D        | Killed Erica
  1196 | D        | Received a gift from Trog
  1382 | D        | Received a gift from Trog
  1536 | D        | Noticed an orc knight
  1544 | D        | Received a gift from Trog
  1558 | D        | Killed an orc knight
  1559 | D        | Noticed an orc knight
  1568 | D        | Received a gift from Trog
  1576 | D        | Killed an orc knight
  1861 | D        | Found Ykec's General Store.
  1861 | D        | Noticed an orc knight
  1861 | D        | Noticed an orc knight
  1869 | D        | Killed an orc knight
  1872 | D        | Found Sooduqes's Distillery.
  1875 | D        | Received a gift from Trog
  1876 | D        | Noticed an orc knight
  1878 | D        | Found Jalayreu's Jewellery Boutique.
  1883 | D        | Killed an orc knight
  1886 | D        | Noticed an orc knight
  1887 | D        | Found Athrus's Weapon Shop.
  1889 | D        | Noticed an orc knight
  1895 | D        | Killed an orc knight
  1897 | D        | Noticed an orc knight
  1902 | D        | Killed an orc knight
  1906 | D        | Killed an orc knight
  1910 | D        | Killed an orc knight
  1910 | D        | Received a gift from Trog
  1911 | D        | Reached skill level 5 in Stealth
  1971 | D        | Bought the amulet of the Dolphin {Reflect Int+3 Slay+2 SH+5
                  | SInv} for 670 gold pieces
  1971 | D        | Bought a ring of protection from fire for 300 gold pieces
  1971 | D        | Bought the ring "Zueruniff" {rC+ Slay+3} for 535 gold
                  | pieces
  2277 | D        | Fell from the grace of Trog
  2277 | D        | Became a worshipper of Gozag Ym Sagoz the Greedy
  2596 | D        | Noticed Joseph
  2603 | D        | Killed Joseph
  2618 | D        | Noticed Grum
  2624 | D        | Reached XP level 12. HP: 113/113 MP: 4/12
  2626 | D        | Killed Grum
  2714 | D        | Found the +2 hat of the Bear Spirit {Spirit, Bear, *Rage
                  | Will++}
  2808 | D        | Noticed a centaur warrior
  2808 | D        | Noticed a boulder beetle
  2813 | D        | Noticed a centaur warrior
  2820 | D        | Killed a boulder beetle
  2821 | D        | Reached skill level 1 in Spellcasting
  2825 | D        | Noticed a tengu warrior
  2825 | D        | Noticed a fire dragon
  2828 | D        | Killed a centaur warrior
  2829 | D        | Noticed a lich
  2837 | D        | Killed a centaur warrior
  2838 | D        | Noticed a cyan very ugly thing
  2839 | D        | Noticed an ice dragon
  2848 | D        | Killed a lich
  2853 | D        | Noticed a deep troll shaman
  2859 | D        | Killed a cyan very ugly thing
  2863 | D        | Killed a fire dragon
  2866 | D        | Killed a tengu warrior
  2873 | D        | Killed an ice dragon
  2879 | D        | Killed a deep troll shaman
  3061 | D        | Bought a potion of experience for 550 gold pieces
  3061 | D        | Bought a potion of lignification for 33 gold pieces
  3061 | D        | Bought a potion of magic for 88 gold pieces
  3061 | D        | Bought a potion of curing for 33 gold pieces
  3061 | D        | Bought a potion of enlightenment for 55 gold pieces
  3061 | D        | Bought a potion of might for 44 gold pieces
  3061 | D        | Bought 2 potions of brilliance for 88 gold pieces
  3061 | D        | Bought a potion of enlightenment for 55 gold pieces
  3061 | D        | Bought a potion of curing for 33 gold pieces
  3063 | D        | Bought a scroll of enchant armour for 82 gold pieces
  3063 | D        | Bought 3 scrolls of enchant weapon for 247 gold pieces
  3063 | D        | Bought a scroll of acquirement for 572 gold pieces
  3063 | D        | Bought a potion of curing for 33 gold pieces
  3063 | D        | Bought a potion of curing for 33 gold pieces
  3072 | D        | Noticed a two-headed ogre
  3072 | D        | Noticed a two-headed ogre
  3081 | D        | Killed a two-headed ogre
  3087 | D        | Killed a two-headed ogre
  3428 | D        | Noticed Psyche
  3433 | D        | Killed Psyche
  3540 | D        | Noticed an alligator
  3540 | D        | Noticed a fenstrider witch
  3550 | D        | Noticed a four-headed hydra
  3554 | D        | Paralysed by a fenstrider witch for 3 turns
  3561 | D        | Killed a fenstrider witch
  3564 | D        | Killed an alligator
  3582 | D        | Killed a one-headed hydra
  3583 | D        | Gained mutation: You are mostly covered in slimy green
                  | scales. (AC +3) [demonic ancestry]
  3583 | D        | Reached XP level 13. HP: 82/120 MP: 4/20
  3913 | D        | Noticed a merfolk javelineer
  3928 | D        | Reached skill level 5 in Spellcasting
  3928 | D        | Gained mutation: You sometimes gain power by taking damage.
                  | [demonic ancestry]
  3928 | D        | Reached XP level 14. HP: 86/128 MP: 17/21
  4103 | D        | Bought a translucent great sword for 264 gold pieces
  4103 | D        | Identified the +8 great sword "Simayr" {freeze, Fragile
                  | Str+5} (You bought it in a shop in the Dungeon)
  4105 | D        | Bought a knobbly agate ring for 140 gold pieces
  4105 | D        | Bought 2 scrolls labelled BEBRAHUVAN for 56 gold pieces
  4105 | D        | Bought a potion of invisibility for 224 gold pieces
  4105 | D        | Bought a warped plate armour for 784 gold pieces
  4105 | D        | Identified the +3 plate armour "Xonluosse" {+Inv rF+} (You
                  | bought it in a shop in the Dungeon)
  4105 | D        | Bought an encrusted orb for 392 gold pieces
  4105 | D        | Identified the orb of the Thirsty Orbs {mayhem, Will+} (You
                  | bought it in a shop in the Dungeon)
  4106 | D        | Noticed an ironbound preserver
  4106 | D        | Noticed an ironbound preserver
  4106 | D        | Noticed an ironbound preserver
  4106 | D        | Noticed an ironbound preserver
  4106 | D        | Noticed an ironbound preserver
  4106 | D        | Noticed a vault warden
  4107 | D        | Acquired 948 gold pieces
  4136 | D        | Noticed Agnes
  4142 | D        | Killed Agnes
  4441 | D        | Noticed a stone giant
  4441 | D        | Noticed a frost giant
  4441 | D        | Noticed a frost giant
  4441 | D        | Noticed a cyan very ugly thing
  4447 | D        | Killed a cyan very ugly thing
  4456 | D        | Killed a frost giant
  4456 | D        | Noticed a frost giant
  4459 | D        | Killed a frost giant
  4465 | D        | Noticed a stone giant
  4468 | D        | Killed a stone giant
  4473 | D        | Noticed a fire giant
  4473 | D        | Killed a frost giant
  4480 | D        | Killed a stone giant
  4481 | D        | Reached skill level 27 in Long Blades
  4481 | D        | Noticed a stone giant
  4485 | D        | Reached skill level 10 in Dodging
  4492 | D        | Killed a fire giant
  4493 | D        | Noticed a lich
  4502 | D        | Killed a stone giant
  4506 | D        | Killed a lich
  4507 | D        | Gained mutation: You are robust. (+10% HP) [demonic
                  | ancestry]
  4507 | D        | Reached XP level 15. HP: 129/148 MP: 7/22
  4794 | D        | Killed a vault warden
  4844 | D        | Reached skill level 15 in Armour
  4974 | D        | Noticed Kirke
  4985 | D        | Killed Kirke
  4988 | D        | Noticed Azrael
  4996 | D        | Killed Azrael
  5054 | D        | Noticed Mara
  5057 | D        | Noticed rocky1's illusion
  5063 | D        | Killed Mara
  5113 | D        | Noticed an emperor scorpion
  5123 | D        | Killed an emperor scorpion
  5645 | D        | Bought a potion of cancellation for 136 gold pieces
  5645 | D        | Bought a potion of curing for 51 gold pieces
  5645 | D        | Bought a potion of mutation for 136 gold pieces
  5645 | D        | Bought 2 potions of resistance for 340 gold pieces
  5645 | D        | Bought a potion of mutation for 136 gold pieces
  5645 | D        | Bought a potion of mutation for 136 gold pieces
  5645 | D        | Bought a potion of might for 68 gold pieces
  5645 | D        | Bought a potion of curing for 51 gold pieces
  5659 | D        | Bought a scroll of revelation for 90 gold pieces
  5659 | D        | Bought a scroll of fear for 48 gold pieces
  5659 | D        | Bought a scroll of blinking for 90 gold pieces
  5659 | D        | Bought a scroll of fear for 48 gold pieces
  5659 | D        | Bought a scroll of revelation for 90 gold pieces
  5659 | D        | Noticed an emperor scorpion
  5659 | D        | Noticed an emperor scorpion
  5660 | D        | Noticed an emperor scorpion
  5724 | D        | Noticed Nikola
  5734 | D        | Killed Nikola
  5755 | D        | Reached skill level 15 in Dodging
  5933 | D        | Noticed a nagaraja
  5933 | D        | Noticed a nagaraja
  5936 | D        | Noticed a nagaraja
  5939 | D        | Killed a nagaraja
  5940 | D        | Noticed a nagaraja
  5942 | D        | Killed a nagaraja
  5947 | D        | Noticed a nagaraja
  5953 | D        | Killed a nagaraja
  5955 | D        | Killed a nagaraja
  5967 | D        | Killed a nagaraja
  5979 | D        | Noticed Ilsuiw
  5995 | D        | Killed Ilsuiw
  5996 | D        | Gained mutation: You regenerate a lot of health from kills.
                  | [demonic ancestry]
  5996 | D        | Reached XP level 16. HP: 150/168 MP: 23/28
  6051 | D        | Got a barnacled rune of Zot
  6078 | D        | Got a serpentine rune of Zot
  6220 | D        | Bought a potion of heal wounds for 90 gold pieces
  6220 | D        | Bought a phantom mirror for 720 gold pieces
  6220 | D        | Bought a potion of haste for 180 gold pieces
  6230 | D        | Reached skill level 1 in Evocations
  6251 | D        | Reached skill level 10 in Spellcasting
  6261 | D        | Got a decaying rune of Zot
  6505 | D        | Reached skill level 5 in Evocations
  6567 | D        | Got a gossamer rune of Zot
  6731 | D        | Noticed Mennas
  6732 | D        | Noticed Aizul
  6752 | D        | Killed Mennas
  6761 | D        | Killed Aizul
  6841 | D        | Bought a scroll of fear for 60 gold pieces
  6841 | D        | Bought a scroll of enchant armour for 112 gold pieces
  6841 | D        | Bought a scroll of revelation for 112 gold pieces
  6971 | D        | Reached skill level 10 in Evocations
  7010 | D        | Noticed a shadow dragon
  7020 | D        | Noticed a shadow dragon
  7026 | D        | Killed a shadow dragon
  7027 | D        | Reached XP level 17. HP: 148/183 MP: 14/34
  7063 | D        | Got a rare book
  7249 | D        | Found the +9 staff of Olgreb {rPois∞}
  7249 | D        | Noticed a titan
  7249 | D        | Noticed an ancient lich
  7250 | D        | Noticed a golden dragon
  7258 | D        | Killed an ancient lich
  7269 | D        | Killed a titan
  7274 | D        | Killed a golden dragon
  7275 | D        | Reached skill level 15 in Spellcasting
  7297 | D        | Got a silver rune of Zot
  7298 | D        | Identified the +1 scale mail of the Northern Lights {Fly
                  | rPois Slay-4 SInv}
  7696 | D        | Noticed Xtahua
  7705 | D        | Killed Xtahua
  7813 | D        | Noticed Donald
  7818 | D        | Killed Donald
  7862 | D        | Got the ring of Memoj {rF++ EV+3 Int+4}
  7864 | D        | Got the ring of Jataqa {rF+ Will+ SInv}
  7866 | D        | Got the ring "Hidieliu" {rCorr SInv}
  7868 | D        | Got the ring of the Tormentor {rC+ AC+3}
  7869 | D        | Found the +8 trishula "Condemnation" {holy, anguish, *Noise
                  | Fly rN+}
  7870 | D        | Got the ring of Kenezubru {Fire rElec Int+4 Dex+3}
  7880 | D        | Got the +5 triple sword of Rutwab {venom, Stlth+}
  7952 | D        | Bought a fading scale mail for 333 gold pieces
  7952 | D        | Identified the +1 scale mail of Xicanav {rElec} (You bought
                  | it in a shop in the Dungeon)
  7952 | D        | Bought a potion of magic for 296 gold pieces
  7952 | D        | Bought a potion of heal wounds for 185 gold pieces
  7952 | D        | Bought a scroll labelled GYNYRY VOIQU for 37 gold pieces
  8101 | D        | Noticed Sojobo
  8104 | D        | Noticed Margery
  8120 | D        | Killed Sojobo
  8135 | D        | Killed Margery
  8446 | D        | Noticed Jory
  8461 | D        | Killed Jory
  8462 | D        | Reached skill level 15 in Evocations
  8499 | D        | Noticed a caustic shrike
  8512 | D        | Killed a caustic shrike
  9050 | D        | Noticed a golden dragon
  9070 | D        | Killed a golden dragon
  9274 | D        | Reached skill level 27 in Fighting
  9434 | D        | Noticed a quicksilver dragon
  9447 | D        | Reached XP level 18. HP: 200/200 MP: 11/38
  9550 | D        | Bought the ring of Askejae {rN++ Int-3 Dex+6 Stlth+} for
                  | 800 gold pieces
  9553 | D        | Noticed a golden dragon
  9581 | D        | Killed a golden dragon
  9653 | D        | Noticed an orb of fire
  9653 | D        | Noticed a tentacled monstrosity
  9653 | D        | Noticed a golden dragon
  9679 | D        | Killed an orb of fire
  9687 | D        | Killed a tentacled monstrosity
  9690 | D        | Killed a golden dragon
 10099 | D        | Noticed an Orb Guardian
 10099 | D        | Noticed an Orb Guardian
 10099 | D        | Noticed an Orb Guardian
 10099 | D        | Noticed an Orb Guardian
 10099 | D        | Noticed an Orb Guardian
 10099 | D        | Noticed an Orb Guardian
 10104 | D        | Killed an Orb Guardian
 10111 | D        | Killed an Orb Guardian
 10112 | D        | Noticed an Orb Guardian
 10114 | D        | Killed an Orb Guardian
 10120 | D        | Killed an Orb Guardian
 10124 | D        | Killed an Orb Guardian
 10125 | D        | Noticed an Orb Guardian
 10128 | D        | Killed an Orb Guardian
 10129 | D        | Noticed an Orb Guardian
 10131 | D        | Killed an Orb Guardian
 10132 | D        | Noticed an Orb Guardian
 10142 | D        | Killed an Orb Guardian
 10150 | D        | Killed an Orb Guardian
 10154 | D        | Killed an Orb Guardian
 10195 | D        | Noticed a tentacled monstrosity
 10195 | D        | Noticed an Orb Guardian
 10195 | D        | Noticed an Orb Guardian
 10195 | D        | Noticed a tentacled monstrosity
 10197 | D        | Noticed an Orb Guardian
 10200 | D        | Killed a tentacled monstrosity
 10202 | D        | Noticed an Orb Guardian
 10209 | D        | Killed an Orb Guardian
 10212 | D        | Killed an Orb Guardian
 10216 | D        | Killed a tentacled monstrosity
 10219 | D        | Killed an Orb Guardian
 10228 | D        | Killed an Orb Guardian
 10385 | D        | Noticed an ancient lich
 10392 | D        | Killed an ancient lich
 10393 | D        | Reached skill level 27 in Armour
 10424 | D        | Noticed an orb of fire
 10436 | D        | Killed an orb of fire
 10573 | D        | Noticed an electric golem
 10583 | D        | Killed an electric golem
 10756 | D        | Noticed an electric golem
 10756 | D        | Noticed a Killer Klown
 10756 | D        | Noticed an orb of fire
 10756 | D        | Noticed an orb of fire
 10756 | D        | Noticed a Killer Klown
 10757 | D        | Noticed an orb of fire
 10766 | D        | Noticed an Orb Guardian
 10772 | D        | Killed an orb of fire
 10781 | D        | Killed an orb of fire
 10781 | D        | Gained mutation: Armour fits poorly on your strangely
                  | shaped body. [an orb of fire]
 10782 | D        | Reached skill level 27 in Dodging
 10793 | D        | Killed an orb of fire
 10794 | D        | Reached XP level 19. HP: 150/207 MP: 11/39
 10808 | D        | Killed a Killer Klown
 10823 | D        | Killed an electric golem
 10824 | D        | Reached skill level 27 in Evocations
 10828 | D        | HP: 7/207 [Killer Klown/+10 spectral club (9)]
 10830 | D        | HP: 2/207 [Killer Klown/+10 spectral club (9)]
 10831 | D        | Killed from afar by a Killer Klown

Illustrated notes

Levels and vault maps discovered:
D:        linesprint [early_d, line_temple, items_1, d_10, items_2, lair_1,
          lair_end, items_3, orc_1, orc_end, items_4, d_15, swamp_1, shoals_1,
          snake_1, spider_1, d_20, vaults_1, items_5, swamp_end, shoals_end,
          snake_end, spider_end, vaults_end, d_27, items_6, zot_1, zot_end,
          crypt_end, forest_end, elf_end, slime_end, tomb_end, abyss_end,
          pan_hell_end]

Skill      XL: |  1  2  3  4  5  6  7  8  9 10 11 12 13 14 15 16 17 18 19 |
---------------+----------------------------------------------------------+-----
Long Blades    | 4 6 7 11 13 15 17 18 22 24 27 | 27.0
Dodging        | 2 3 4 5 6 7 8 9 10 16 19 22 27 | 27.0
Armour         | 2 3 4 5 6 9 11 12 13 17 20 23 27 | 27.0
Fighting       | 4 6 7 9 10 11 13 14 16 17 21 24 27 | 27.0
Stealth        | 6 7 |  7.9
Spellcasting   | 4 5 8 13 16 17 | 17.1
Evocations     | 11 17 25 27 | 27.0
Shields        | |  0.1

Action                     |  1- 3 |  4- 6 |  7- 9 | 10-12 | 13-15 | 16-18 | 19-21 || total
---------------------------+-------+-------+-------+-------+-------+-------+-------++-------
  Melee: Falchion          |    23 |     3 |       |       |       |       |       ||    26
         Scimitar          |       |     6 |    50 |   129 |       |       |       ||   185
         Punch             |       |       |     1 |     2 |       |       |       ||     3
         Great sword       |       |       |       |   221 |    56 |   352 |    35 ||   664
         Triple sword      |       |       |       |     7 |   310 |   586 |       ||   903
 Invoke: Berserk           |     1 |     1 |     1 |     6 |       |       |       ||     9
         Trog's Hand       |       |     1 |     1 |     5 |       |       |       ||     7
         Brothers in Arms  |       |       |     1 |       |       |       |       ||     1
         Call Merchant     |       |       |       |       |     5 |     6 |       ||    11
         Potion Petition   |       |       |       |       |     6 |     6 |       ||    12
    Use: Potion            |       |       |       |     6 |     2 |       |       ||     8
         Scroll            |       |       |       |     1 |     4 |     5 |     1 ||    11
   Stab: Petrified         |       |       |       |     1 |       |       |       ||     1
         Invisible         |       |       |       |    15 |       |       |     1 ||    16
         Distracted        |       |       |       |     3 |     5 |    14 |       ||    22
 Armour: Animal skin       |    11 |       |       |       |       |       |       ||    11
         Chain mail        |       |     4 |    40 |   221 |       |       |       ||   265
         Storm dragon scal |       |       |       |    75 |   232 |   536 |    27 ||   870
  Dodge: Dodged            |     8 |     6 |    14 |   168 |   125 |   518 |    11 ||   850
  Block: Other             |       |       |       |    21 |    48 |   143 |     3 ||   215

Table legend: (Time is in decaauts) A = Elapsed time spent in this place. B = Non-inter-level travel time spent in this place. C = Inter-level travel time spent in this place. D = Time resting spent in this place. E = Time spent auto-exploring this place. F = Levels seen in this place. G = Mean time per level. A B C D E F G +--------+--------+--------+--------+--------+-----+--------+ Total | 10468 | 9787 | 681 | 5375 | 0 | 1 | 10468.0 | Dungeon | 10468 | 9787 | 681 | 5375 | 0 | 1 | 10468.0 | +--------+--------+--------+--------+--------+-----+--------+

Top non-repeatable levels by time:
       D: 10468 daAuts
